NYP
STATE COLLEGE SPIKES @ EUGENE EMERALDS
09/25/2047
 
TOP OF THE 1ST
State College Spikes batting - Pitching for Eugene Emeralds : RHP Bogdan Sdobnyakov
Pitching: RHP Bogdan Sdobnyakov
Batting: RHB Ben Politi 0-0: Bunt missed!
0-1: Ball
1-1: Foul Ball, location: 2F
1-2: Ball
2-2: Ball
3-2: Ground out 4-3 (Groundball, 4, EV 105.6 MPH)
Batting: RHB Pat Scaturro 0-0: Called Strike
0-1: Ball
1-1: Ball
2-1: SINGLE (Line Drive, 4D, EV 100.6 MPH)
Batting: RHB Ricky Yerzy 0-0: Called Strike
0-1: Ball
1-1: Called Strike
Pat Scaturro is caught stealing 2nd base 2-4
1-2: Strikes out looking
Top of the 1st over - 0 runs, 1 hit, 0 errors, 0 left on base; State College 0 - Eugene 0
BOTTOM OF THE 1ST
Eugene Emeralds batting - Pitching for State College Spikes : RHP Matt Doucet
Pitching: RHP Matt Doucet
Batting: RHB Hugo Torrez 0-0: Foul Ball, location: 2F
0-1: Swinging Strike
0-2: Strikes out looking
Batting: RHB Gilberto Alvarado 0-0: Ball
1-0: Foul Ball, location: 2F
1-1: Swinging Strike
1-2: Strikes out looking
Batting: RHB Mike Larson 0-0: Called Strike
0-1: Called Strike
0-2: Ball
1-2: Strikes out swinging
Bottom of the 1st over - 0 runs, 0 hits, 0 errors, 0 left on base; State College 0 - Eugene 0
TOP OF THE 2ND
State College Spikes batting - Pitching for Eugene Emeralds : RHP Bogdan Sdobnyakov
Batting: LHB Ignacio Ocampo 0-0: Called Strike
0-1: Ball
1-1: Ball
2-1: Called Strike
2-2: Foul Ball, location: 2F
2-2: Strikes out swinging, 2-3 out at first.
Batting: LHB Ken Morehead 0-0: Called Strike
0-1: Ball
1-1: Ball
2-1: Foul Ball, location: 2F
2-2: Foul Ball, location: 2F
2-2: Fly out, F8 (Flyball, 8LM, EV 78.8 MPH)
Batting: SHB Justin Houser 0-0: Called Strike
0-1: Foul Ball, location: 2F
0-2: Ball
1-2: Ball
2-2: Foul Ball, location: 2F
2-2: Ball
3-2: Base on Balls
Batting: LHB Billy Lang 0-0: Foul Ball, location: 2F
0-1: Ball
1-1: Ball
2-1: Foul Ball, location: 2F
2-2: Ball
3-2: Base on Balls
Justin Houser to second
Batting: RHB Bobby Miles 0-0: Ball
1-0: Called Strike
1-1: DOUBLE (Flyball, 78D, EV 107.5 MPH)
Justin Houser scores
Billy Lang to third
Batting: RHB Bernard Claude 0-0: Ball
1-0: Called Strike
1-1: Ball
2-1: Ground out 6-3 (Groundball, 6, EV 88.1 MPH)
Top of the 2nd over - 1 run, 1 hit, 0 errors, 2 left on base; State College 1 - Eugene 0
BOTTOM OF THE 2ND
Eugene Emeralds batting - Pitching for State College Spikes : RHP Matt Doucet
Batting: RHB Juan Bonilla 0-0: Called Strike
0-1: Foul Ball, location: 2F
0-2: Foul Ball, location: 2F
0-2: Ball
1-2: Foul Ball, location: 2F
1-2: Ball
2-2: Ball
3-2: SINGLE (Groundball, 6D, EV 108.8 MPH)
Batting: RHB Mike Hill 0-0: Swinging Strike
0-1: Foul Ball, location: 2F
0-2: Ball
1-2: Foul Ball, location: 2F
1-2: Ball
2-2: Foul Ball, location: 2F
2-2: Foul Ball, location: 2F
2-2: Fly out, F9 (Line Drive, 9S, EV 95.0 MPH)
Batting: RHB Josh Burns 0-0: Called Strike
0-1: Grounds into double play, 5-4-3 (Groundball, 56, EV 101.2 MPH)
Bottom of the 2nd over - 0 runs, 1 hit, 0 errors, 0 left on base; State College 1 - Eugene 0
TOP OF THE 3RD
State College Spikes batting - Pitching for Eugene Emeralds : RHP Bogdan Sdobnyakov
Batting: RHB Ben Politi 0-0: Called Strike
0-1: Called Strike
0-2: Strikes out swinging
Batting: RHB Pat Scaturro 0-0: Ball
1-0: Foul Ball, location: 2F
1-1: DOUBLE (Groundball, 5L, EV 102.5 MPH)
Batting: RHB Ricky Yerzy 0-0: Ground out 4-3 (Groundball, 4S, EV 81.2 MPH)
Pat Scaturro to third
Batting: LHB Ignacio Ocampo 0-0: Foul Ball, location: 2F
0-1: Ball
1-1: Ball
2-1: Swinging Strike
2-2: Foul Ball, location: 2F
2-2: Ball
3-2: Base on Balls
Batting: LHB Ken Morehead 0-0: Ball
1-0: Swinging Strike
1-1: Ball
2-1: Called Strike
2-2: Ball
3-2: Foul Ball, location: 2F
3-2: Base on Balls
Ignacio Ocampo to second
Pitching: RHP Dustin Buckner
Batting: SHB Justin Houser 0-0: Ball
1-0: Foul Ball, location: 2F
1-1: Called Strike
1-2: Ball
2-2: DOUBLE (Line Drive, 89D, EV 101.2 MPH)
Pat Scaturro scores
Ignacio Ocampo scores
Ken Morehead to third
Batting: LHB Billy Lang 0-0: Ground out 4-3 (Groundball, 4, EV 103.1 MPH)
Top of the 3rd over - 2 runs, 2 hits, 0 errors, 2 left on base; State College 3 - Eugene 0
BOTTOM OF THE 3RD
Eugene Emeralds batting - Pitching for State College Spikes : RHP Matt Doucet
Batting: RHB T.J. Garrison 0-0: Ball
1-0: Ball
2-0: Ball
3-0: Called Strike
3-1: SINGLE (Groundball, 34D, EV 97.5 MPH)
Batting: LHB Hiroki Yamamoto 0-0: Ball
1-0: Called Strike
1-1: SINGLE (Groundball, 34S, EV 67.5 MPH) (infield hit)
T.J. Garrison to second
Batting: RHB Alvaro Romero 0-0: Foul Ball, location: 2F
0-1: Ball
1-1: Foul Ball, location: 2F
1-2: Fly out, F9 (Line Drive, 9D, EV 93.1 MPH)
Runner from 2nd tags up, SAFE at 3rd, no throw by RF
Batting: RHB Hugo Torrez 0-0: Ball
1-0: Ball
2-0: Fly out, F9 (Line Drive, 89M, EV 92.5 MPH)
Batting: RHB Gilberto Alvarado 0-0: SINGLE (Groundball, 25, EV 64.4 MPH) (infield hit)
T.J. Garrison scores
Hiroki Yamamoto to second
Batting: RHB Mike Larson 0-0: SINGLE (Groundball, 6D, EV 97.5 MPH)
Hiroki Yamamoto to third
Gilberto Alvarado to second
Runner from 3rd tries for Home, SAFE, throw by CF to home
Batting: RHB Juan Bonilla 0-0: Ball
1-0: Swinging Strike
1-1: 3-RUN HOME RUN (Flyball, 8RXD, EV 116.2 MPH), Distance : 464 ft
Batting: RHB Mike Hill 0-0: Ball
1-0: Swinging Strike
1-1: Swinging Strike
1-2: SINGLE (Line Drive, 56, EV 103.1 MPH)
Pitching: RHP Dustin Hensley
Batting: RHB Josh Burns 0-0: Called Strike
0-1: Fly out, F9 (Flyball, 9LSF, EV 84.4 MPH)
Bottom of the 3rd over - 5 runs, 6 hits, 0 errors, 1 left on base; State College 3 - Eugene 5
TOP OF THE 4TH
State College Spikes batting - Pitching for Eugene Emeralds : RHP Dustin Buckner
Batting: RHB Bobby Miles 0-0: Ball
1-0: Ball
2-0: Ball
3-0: Base on Balls
Batting: RHB Bernard Claude 0-0: Called Strike
Bobby Miles is caught stealing 2nd base 2-4
0-1: Bunt missed!
0-2: Foul Ball, location: 2F
0-2: Ball
1-2: Foul Ball, location: 2F
1-2: Strikes out swinging
Batting: RHB Ben Politi 0-0: Ball
1-0: Ball
2-0: Foul Ball, location: 2F
2-1: Called Strike
2-2: Strikes out swinging
Top of the 4th over - 0 runs, 0 hits, 0 errors, 0 left on base; State College 3 - Eugene 5
BOTTOM OF THE 4TH
Eugene Emeralds batting - Pitching for State College Spikes : RHP Dustin Hensley
Batting: RHB T.J. Garrison 0-0: Ball
1-0: Ball
2-0: SOLO HOME RUN (Flyball, 78XD, EV 98.8 MPH), Distance : 386 ft
Batting: LHB Hiroki Yamamoto 0-0: Ground out U3 (Groundball, 3L, EV 91.2 MPH)
Batting: RHB Alvaro Romero 0-0: Ground out 6-3 (Groundball, 6, EV 84.4 MPH)
Batting: RHB Hugo Torrez 0-0: Foul Ball, location: 2F
0-1: Ball
1-1: Called Strike
1-2: Ball
2-2: Ground out 5-3 (Groundball, 56, EV 101.9 MPH)
Bottom of the 4th over - 1 run, 1 hit, 0 errors, 0 left on base; State College 3 - Eugene 6
TOP OF THE 5TH
State College Spikes batting - Pitching for Eugene Emeralds : RHP Dustin Buckner
Batting: RHB Pat Scaturro 0-0: SINGLE (Groundball, 6D, EV 99.4 MPH)
Batting: RHB Ricky Yerzy 0-0: Ball
1-0: Foul Ball, location: 2F
1-1: Foul Ball, location: 2F
1-2: Ball
2-2: Ball
3-2: Foul Ball, location: 2F
3-2: Strikes out swinging
Batting: LHB Ignacio Ocampo 0-0: Ball
1-0: Ball
2-0: Ball
3-0: Called Strike
3-1: Called Strike
3-2: Strikes out swinging
Batting: LHB Ken Morehead 0-0: Called Strike
0-1: Ball
1-1: Ball
2-1: Ball
3-1: Base on Balls
Pat Scaturro to second
Pitching: RHP Bobby Almonte
Batting: SHB Justin Houser 0-0: Ground out 4-3 (Groundball, 4, EV 83.8 MPH)
Top of the 5th over - 0 runs, 1 hit, 0 errors, 2 left on base; State College 3 - Eugene 6
BOTTOM OF THE 5TH
Eugene Emeralds batting - Pitching for State College Spikes : RHP Dustin Hensley
Batting: RHB Gilberto Alvarado 0-0: Ball
1-0: Foul Ball, location: 2F
1-1: Ball
2-1: Swinging Strike
2-2: Fly out, F8 (Flyball, 89D, EV 94.4 MPH)
Batting: RHB Mike Larson 0-0: Swinging Strike
0-1: Ball
1-1: Foul Ball, location: 2F
1-2: Ball
2-2: Strikes out swinging
Batting: RHB Juan Bonilla 0-0: Called Strike
0-1: SINGLE (Line Drive, 6M, EV 96.9 MPH)
Batting: RHB Mike Hill 0-0: Called Strike
0-1: Ball
1-1: Swinging Strike
1-2: Strikes out looking
Bottom of the 5th over - 0 runs, 1 hit, 0 errors, 1 left on base; State College 3 - Eugene 6
TOP OF THE 6TH
State College Spikes batting - Pitching for Eugene Emeralds : RHP Bobby Almonte
Pitching: RHP Steve Vint
Batting: LHB Billy Lang 0-0: Ball
1-0: Ball
2-0: Ground out 6-3 (Groundball, 6, EV 76.9 MPH)
Batting: RHB Bobby Miles 0-0: Ball
1-0: Called Strike
1-1: Ball
2-1: Foul Ball, location: 2F
2-2: Strikes out swinging, 2-3 out at first.
Batting: RHB Bernard Claude 0-0: Foul Ball, location: 2F
0-1: Ball
1-1: Foul Ball, location: 2F
1-2: Strikes out swinging
Top of the 6th over - 0 runs, 0 hits, 0 errors, 0 left on base; State College 3 - Eugene 6
BOTTOM OF THE 6TH
Eugene Emeralds batting - Pitching for State College Spikes : RHP Dustin Hensley
Batting: RHB Josh Burns 0-0: Ball
1-0: Ball
2-0: Ball
3-0: Called Strike
3-1: Ground out U3 (Groundball, 34, EV 79.4 MPH)
Batting: RHB T.J. Garrison 0-0: Swinging Strike
0-1: DOUBLE (Flyball, 8RXD, EV 110.0 MPH)
Batting: LHB Hiroki Yamamoto 0-0: Ball
1-0: Ball
2-0: Called Strike
2-1: Foul Ball, location: 2F
2-2: Foul Ball, location: 2F
2-2: Strikes out swinging
Batting: RHB Alvaro Romero 0-0: Ball
1-0: Ball
2-0: Ball
3-0: Base on Balls
Batting: RHB Hugo Torrez 0-0: Ball
1-0: Ball
2-0: SINGLE (Groundball, 56S, EV 65.0 MPH) (infield hit)
T.J. Garrison to third
Alvaro Romero to second
Pitching: LHP Andy Huguet
Batting: RHB Gilberto Alvarado 0-0: Swinging Strike
0-1: Swinging Strike
0-2: Strikes out swinging
Bottom of the 6th over - 0 runs, 2 hits, 0 errors, 3 left on base; State College 3 - Eugene 6
TOP OF THE 7TH
State College Spikes batting - Pitching for Eugene Emeralds : RHP Steve Vint
Batting: RHB Ben Politi 0-0: Called Strike
0-1: Ball
1-1: Ball
2-1: Ball
3-1: Base on Balls
Batting: RHB Pat Scaturro 0-0: Ground out 5-3 (Groundball, 5L, EV 90.0 MPH)
Ben Politi to second
Pitching: RHP Francisco Landin
Batting: RHB Ricky Yerzy 0-0: Foul Ball, location: 2F
0-1: 2-RUN HOME RUN (Flyball, 89XD, EV 98.8 MPH), Distance : 399 ft
Batting: LHB Ignacio Ocampo 0-0: Called Strike
0-1: Ball
1-1: Ball
2-1: Foul Ball, location: 2F
2-2: Ball
3-2: Base on Balls
Batting: LHB Ken Morehead 0-0: Called Strike
0-1: Ball
1-1: Ball
2-1: Ball
3-1: Foul Ball, location: 2F
3-2: Strikes out swinging
Batting: SHB Justin Houser 0-0: Called Strike
0-1: Ball
Ignacio Ocampo is caught stealing 2nd base 2-6
Top of the 7th over - 2 runs, 1 hit, 0 errors, 0 left on base; State College 5 - Eugene 6
BOTTOM OF THE 7TH
Eugene Emeralds batting - Pitching for State College Spikes : LHP Andy Huguet
Batting: RHB Mike Larson 0-0: SINGLE (Line Drive, 3D, EV 93.8 MPH)
Batting: RHB Juan Bonilla 0-0: Fly out, F8 (Flyball, 8RM, EV 80.0 MPH)
Batting: RHB Mike Hill 0-0: Ball
1-0: Called Strike
1-1: Swinging Strike
1-2: Strikes out swinging
Batting: RHB Josh Burns 0-0: Ball
1-0: Fly out, F9 (Flyball, 9, EV 86.2 MPH)
Bottom of the 7th over - 0 runs, 1 hit, 0 errors, 1 left on base; State College 5 - Eugene 6
TOP OF THE 8TH
State College Spikes batting - Pitching for Eugene Emeralds : RHP Francisco Landin
Batting: SHB Justin Houser 0-0: Swinging Strike
0-1: Swinging Strike
0-2: Strikes out swinging
Pitching: RHP Velimir Sljivancanin
Batting: LHB Billy Lang 0-0: Ball
1-0: Ball
2-0: Called Strike
2-1: Ball
3-1: SOLO HOME RUN (Flyball, 8LXD, EV 106.9 MPH), Distance : 437 ft
Batting: RHB Bobby Miles 0-0: Ball
1-0: Ball
2-0: Ball
3-0: Called Strike
3-1: Foul Ball, location: 2F
3-2: Strikes out looking
Batting: RHB Bernard Claude 0-0: Called Strike
0-1: Foul Ball, location: 2F
0-2: Foul Ball, location: 2F
0-2: Strikes out swinging
Top of the 8th over - 1 run, 1 hit, 0 errors, 0 left on base; State College 6 - Eugene 6
BOTTOM OF THE 8TH
Eugene Emeralds batting - Pitching for State College Spikes : LHP Andy Huguet
Batting: RHB T.J. Garrison 0-0: Ball
1-0: Swinging Strike
1-1: Foul Ball, location: 2F
1-2: Foul Ball, location: 2F
1-2: Ball
2-2: Foul Ball, location: 2F
2-2: Strikes out swinging
Pinch Hitting: RHB Ricky Ramirez 0-0: Ball
1-0: Swinging Strike
1-1: Called Strike
1-2: Strikes out swinging
Batting: RHB Alvaro Romero 0-0: Ball
1-0: Ball
2-0: Ball
3-0: Called Strike
3-1: Swinging Strike
3-2: Strikes out swinging
Bottom of the 8th over - 0 runs, 0 hits, 0 errors, 0 left on base; State College 6 - Eugene 6
TOP OF THE 9TH
State College Spikes batting - Pitching for Eugene Emeralds : RHP Velimir Sljivancanin
Now at 3B: Ricky Ramirez
Batting: RHB Ben Politi 0-0: Ball
1-0: Ball
2-0: Foul Ball, location: 2F
2-1: Foul Ball, location: 2F
2-2: Foul Ball, location: 2F
2-2: Foul Ball, location: 2F
2-2: Ball
3-2: Strikes out swinging
Pitching: LHP Ricardo Saucedo
Batting: RHB Pat Scaturro 0-0: Called Strike
0-1: Ball
1-1: Ground out 4-3 (Groundball, 34, EV 81.9 MPH)
Batting: RHB Ricky Yerzy 0-0: Ball
1-0: Foul Ball, location: 2F
1-1: Foul Ball, location: 2F
1-2: Ball
2-2: Strikes out swinging
Top of the 9th over - 0 runs, 0 hits, 0 errors, 0 left on base; State College 6 - Eugene 6
BOTTOM OF THE 9TH
Eugene Emeralds batting - Pitching for State College Spikes : LHP Andy Huguet
Batting: RHB Hugo Torrez 0-0: Called Strike
0-1: Called Strike
0-2: Ball
1-2: Strikes out swinging
Batting: RHB Gilberto Alvarado 0-0: Ball
1-0: Ball
2-0: Ground out 6-3 (Groundball, P, EV 82.5 MPH)
Batting: RHB Mike Larson 0-0: Called Strike
0-1: Ball
1-1: Ball
2-1: Called Strike
2-2: Strikes out looking
Bottom of the 9th over - 0 runs, 0 hits, 0 errors, 0 left on base; State College 6 - Eugene 6
TOP OF THE 10TH
State College Spikes batting - Pitching for Eugene Emeralds : LHP Ricardo Saucedo
Pinch Hitting: SHB Hank Arias 0-0: Swinging Strike
0-1: Foul Ball, location: 2F
0-2: DOUBLE (Flyball, 8RXD, EV 109.4 MPH)
Batting: LHB Ken Morehead 0-0: Ball
Wild Pitch!
Hank Arias to third
1-0: Foul Ball, location: 2F
1-1: Foul Ball, location: 2F
1-2: Ball
2-2: Ball
3-2: Fly out, F4 (Popup, 3F, EV 78.1 MPH)
Batting: SHB Justin Houser 0-0: Ball
1-0: Ball
2-0: Ball
3-0: Called Strike
3-1: Base on Balls
Pitching: RHP Masato Iwase
Batting: LHB Billy Lang 0-0: Called Strike
0-1: Called Strike
0-2: Ball
1-2: Ball
2-2: Foul Ball, location: 2F
2-2: Ball
3-2: Foul Ball, location: 2F
3-2: Fly out, F9 (Flyball, 9LM, EV 93.8 MPH)
Runner from 3rd tags up, OUT at HOME! 9-2
Top of the 10th over - 0 runs, 1 hit, 0 errors, 1 left on base; State College 6 - Eugene 6
BOTTOM OF THE 10TH
Eugene Emeralds batting - Pitching for State College Spikes : LHP Andy Huguet
Pitching: RHP Alex Andrade
Now in CF: Hank Arias
Batting: RHB Juan Bonilla 0-0: Called Strike
0-1: Ball
1-1: Reached on error, E5 (Groundball, 5, EV 91.9 MPH)
Batting: RHB Mike Hill 0-0: Ball
1-0: Ball
2-0: Foul Ball, location: 2F
2-1: Foul Ball, location: 2F
2-2: Hit by Pitch
Juan Bonilla to second
Batting: RHB Josh Burns 0-0: Bunted foul
0-1: Sac Bunt to 23 - play at first, batter OUT! 3-4
Juan Bonilla to third
Mike Hill to second
Batting: RHB T.J. Garrison 0-0: Ball
1-0: Ball
2-0: Called Strike
2-1: Swinging Strike
2-2: Ball
3-2: Strikes out swinging
Batting: RHB Ricky Ramirez 0-0: Intentional Walk
Batting: RHB Alvaro Romero 0-0: Ball
1-0: Ball
2-0: Ball
3-0: Called Strike
3-1: Base on Balls
Juan Bonilla scores
Mike Hill to third
Ricky Ramirez to second
Bottom of the 10th over - 1 run, 0 hits, 1 error, 3 left on base; State College 6 - Eugene 7
Thursday, December 15th , 2022 - OOTP Baseball 23.9 Build 102